 Dungeon Crawl Stone Soup version 0.19-a0-1922-g1e9a4c1 (webtiles) character file.

119 KarmaPolice the Bolt Thrower (level 5, -1/36 HPs)
             Began as a Halfling Hunter on Oct 24, 2016.
             Killed from afar by Sigmund (4 damage)
             ... with a magic dart
             ... on level 3 of the Dungeon.
             The game lasted 00:06:42 (2793 turns).

KarmaPolice the Bolt Thrower (Halfling Hunter)      Turns: 2793, Time: 00:06:43

Health: -1/36      AC:  3    Str: 13    XL:     5   Next: 24%
Magic:  5/5        EV: 14    Int: 14    God:
Gold:   109        SH:  0    Dex: 16    Spells: 0 memorised, 4 levels left

rFire  . . .     SeeInvis .     a - +1 hand crossbow
rCold  . . .     Gourm    .     c - +0 leather armour
rNeg   . . .     Faith    .     (shield restricted)
rPois  .         Spirit   .     (no helmet)
rElec  .         Reflect  .     (no cloak)
rCorr  .         Harm     .     (no gloves)
MR     .....                    (no boots)
Stlth  ++........               (no amulet)
                                (no ring)
                                (no ring)

@: brilliant
A: mutation resistance 1
a: no special abilities


You were on level 3 of the Dungeon.
You were very hungry.

You visited 1 branch of the dungeon, and saw 3 of its levels.

You collected 109 gold pieces.

Inventory:

Hand Weapons
 a - a +1 hand crossbow (weapon)
 b - a +0 short sword
Missiles
 d - 10 bolts (quivered)
Armour
 c - a +0 leather armour (worn)
Jewellery
 i - a cursed ring of loudness {unknown}
 k - a +6 ring of intelligence {unknown}
Scrolls
 j - a scroll of noise {unknown}
 o - 2 scrolls of remove curse {unknown}
 p - 2 scrolls of magic mapping {unknown}
 q - a scroll of amnesia {unknown}
 r - a scroll of identify {unknown}
Potions
 m - a potion of heal wounds {unknown}
 n - a potion of ambrosia {unknown}
 t - a potion of might {unknown}
Comestibles
 f - 2 bread rations
 g - 2 fruits
 l - 3 slices of pizza
 s - a meat ration


   Skills:
 + Level 3.1 Fighting
 + Level 2.6 Short Blades
 + Level 5.3 Crossbows
 - Level 2.1 Dodging
 - Level 1.1 Stealth


You had 4 spell levels left.
You didn't know any spells.

Dungeon Overview and Level Annotations

Branches:
Dungeon (3/15)

Altars:
Sif Muna
Zin

Annotations:
D:3 Sigmund


Innate Abilities, Weirdness & Mutations

You are small and have problems with some larger weapons.
You are somewhat resistant to further mutation.


Message History

You shoot a bolt. The bolt hits Sigmund.
Sigmund is heavily wounded.
The gnoll hits you from afar with a spear!
* * * LOW HITPOINT WARNING * * *
Sigmund closely misses you.
You are too injured to fight recklessly!
You are too injured to fight recklessly!
You are too injured to fight recklessly!
You are too injured to fight recklessly!
Unknown command.
You feel better. The gnoll barely misses you.
It was a potion of brilliance.
You feel clever all of a sudden. Sigmund closely misses you.
The gnoll hits you from afar with a spear.
The gnoll hits you with a spear!
* * * LOW HITPOINT WARNING * * *
Sigmund gestures at you while chanting. The magic dart hits you!
You die...

.(#...### .(.....##########
......##.......# ..
..#######(........>....#
#.###......##(.............###
#..#.......##.@....#.........#
#.........##..............#####
#........##....g#............##
#........##...@...###.........#
###.#......######...##...........
#...#.......................>....
#.#..######......................
#.##.########..##.#...g..........
.................................
.###.......####...#.#............
.............#.......#...........
.###.)...............##...g......


You could see Sigmund and 2 gnolls.

Vanquished Creatures
  A gnoll (D:2)
  5 adders
  A worm (D:2)
  2 leopard geckos
  2 orcs (D:2)
  11 bats
  3 giant cockroaches
  7 goblins
  5 hobgoblins
  2 jackals (D:2)
  3 quokkas
  A ball python (D:1)
  A frilled lizard (D:1)
  5 kobolds
  8 rats
57 creatures vanquished.

Notes
Turn   | Place    | Note
-------+----------+-------------------------------------------
     0 | D:1      | KarmaPolice the Halfling Hunter began the quest for the Orb.
     0 | D:1      | Reached XP level 1. HP: 14/14 MP: 1/1
   285 | D:1      | Reached XP level 2. HP: 19/19 MP: 2/2
   388 | D:1      | Reached skill level 1 in Short Blades
   537 | D:1      | Reached XP level 3. HP: 23/24 MP: 3/3
  1085 | D:2      | Reached skill level 5 in Crossbows
  1107 | D:2      | Found a glowing silver altar of Zin.
  1311 | D:2      | Reached XP level 4. HP: 28/30 MP: 4/4
  1595 | D:2      | Found a deep blue altar of Sif Muna.
  2320 | D:3      | Reached XP level 5. HP: 13/36 MP: 5/5
  2609 | D:3      | Noticed Sigmund
  2793 | D:3      | Killed from afar by Sigmund

Vault maps used:
D:1:      dpeg_arrival_orchard, minmay_misc_feat_alley
D:2:      lemuel_doored_altar, lemuel_round_altar, first_bread
D:3:      kennysheep_big_empty_room, uniq_sigmund

Skill      XL: |  1  2  3  4  5 |
---------------+----------------+-----
Fighting       | 2 3 |  3.1
Short Blades   | 1 2 |  2.6
Crossbows      | 5 |  5.3
Dodging        | |  2.1
Stealth        | |  1.1

Action                   |  1- 3 |  4- 6 || total
-------------------------+-------+-------++-------
Melee: Short sword       |   127 |    90 ||   217
 Fire: Hand crossbow     |       |    27 ||    27
  Use: Potion            |       |     3 ||     3
 Stab: Sleeping          |     5 |     1 ||     6
  Eat: Chunk             |     1 |     4 ||     5
Armor: Leather armour    |    38 |    20 ||    58
Dodge: Dodged            |   104 |    88 ||   192
